 Dungeon Crawl Stone Soup version 0.28.0-53-g5a82cb258f (webtiles) character file.

Game seed: 1460239686330011821

8163 DildoBatman the Magician (level 11, -5/69 (79) HPs)
             Began as a Formicid Conjurer on July 9, 2022.
             Was an Initiate of Gozag.
             Killed from afar by Nergalle (22 damage)
             ... with a bolt of negative energy
             ... on level 10 of the Dungeon.
             The game lasted 00:43:00 (11357 turns).

DildoBatman the Magician (Formicid Conjurer)       Turns: 11357, Time: 00:43:00

HP:   -5/69 (79)    AC:  7    Str: 12    XL:     11   Next: 50%
MP:   11/21         EV: 13    Int: 24    God:    Gozag
Gold: 467           SH:  5    Dex: 19    Spells: 1/24 levels left

rFire   . . .      SeeInvis +   a - +7 Throatcutter {drain, coup de grace}
rCold   + . .      Faith    .   Q - +0 buckler
rNeg    . . .      Spirit   .   s - +0 robe
rPois   .          Reflect  .   (helmet unavailable)
rElec   .          Harm     .   n - +1 cloak
rCorr   .          Rampage  .   (no gloves)
Will    ++...                   r - +1 pair of boots
Stlth   ++........              (no amulet)
HPRegen 1.01/turn               i - +6 ring of intelligence
MPRegen 0.17/turn               K - +6 ring of dexterity

@: heavily drained
A: permanent stasis, dig shafts and tunnels, antennae 3, four strong arms, cold
resistance 1, strong-willed 1, regeneration 1
a: Dig, Shaft Self, Renounce Religion, Potion Petition, Call Merchant, Bribe
Branch


You were on level 10 of the Dungeon.
You worshipped Gozag.
Gozag was aware of your devotion.
You visited 2 branches of the dungeon, and saw 11 of its levels.

You collected 826 gold pieces.
You spent 160 gold pieces at shops.
You paid 199 gold pieces to Gozag.

Inventory:

Hand Weapons
 a - the +7 Throatcutter (weapon) {drain, coup de grace}
   (You found it on level 9 of the Dungeon)

   A truly terrible weapon, it drains the life of any living foe it strikes.
   It may instantly kill foes which have little health.
 d - the +3 war axe "Noeh" {vamp, Fly}
   (You found it on level 7 of the Dungeon)

   It occasionally heals its wielder for a portion of the damage dealt when it
   wounds a living foe.
   Fly:       It grants you flight.
 e - a +3 trident of freezing
Missiles
 c - 150 arrows
 q - 7 boomerangs
 u - 53 sling bullets
 v - 75 bolts
 x - a throwing net
 A - 32 poisoned darts (quivered)
 I - 194 stones
 J - 3 silver boomerangs
 L - a curare-tipped dart
 S - 5 atropa-tipped darts
Armour
 n - a +1 cloak (worn)
 r - a +1 pair of boots (worn)
 s - a +0 robe (worn)
 Q - a +0 buckler (worn)
 V - an orb of energy
 Y - a +0 kite shield
Magical Staves
 b - a staff of poison
Jewellery
 i - a +6 ring of intelligence (left hand)
 w - an amulet of guardian spirit
 y - a ring of poison resistance
 K - a +6 ring of dexterity (right hand)
 P - a ring of positive energy
 Z - a ring of resist corrosion
Wands
 H - a wand of polymorph (13)
 N - a wand of acid (11)
Scrolls
 f - 4 scrolls of noise {unknown}
 g - a scroll of amnesia {unknown}
 h - 3 scrolls of teleportation {unknown}
 k - 2 scrolls of immolation {unknown}
 l - 2 scrolls of vulnerability {unknown}
 m - a scroll of brand weapon {unknown}
 t - 3 scrolls of fog {unknown}
 z - 10 scrolls of identify
 B - a scroll of fear {unknown}
 D - 3 scrolls of magic mapping {unknown}
 E - 2 scrolls of enchant armour {unknown}
 O - a scroll of holy word {unknown}
 R - a scroll of silence {unknown}
Potions
 j - 4 potions of curing
 o - 3 potions of attraction {unknown}
 p - 2 potions of brilliance {unknown}
 C - a potion of haste {unknown}
 F - a potion of magic {unknown}
 G - 3 potions of ambrosia {unknown}
 M - 4 potions of heal wounds
 T - a potion of cancellation {unknown}
 U - a potion of mutation
 X - a potion of invisibility {unknown}
Miscellaneous
 W - a lightning rod (4/4)


   Skills:
 - Level 5.0 Fighting
 - Level 2.0 Polearms
 - Level 6.0 Armour
 - Level 3.0 Dodging
 - Level 2.4 Stealth
 - Level 3.0 Shields
 - Level 7.0 Spellcasting
 - Level 6.0 Conjurations
 * Level 6.8 Necromancy
 - Level 6.0 Air Magic
 * Level 6.1 Earth Magic
 - Level 6.0 Poison Magic


You had one spell level left.
You knew the following spells:

 Your Spells              Type           Power      Damage    Failure   Level
a - Searing Ray           Conj           74%        2d7       1%          2
b - Ignite Poison         Fire/Tmut/Pois 18%        N/A       12%         3
c - Magic Dart            Conj           100%       1d8       1%          1
d - Vampiric Draining     Necr           41%        2d8       1%          3
e - Mephitic Cloud        Conj/Pois/Air  37%        N/A       2%          3
g - Borgnjor's Vile Clut  Necr/Erth      19%        N/A       17%         5
h - Dispel Undead         Necr           41%        3d16      5%          4
z - Sublimation of Blood  Necr           41%        N/A       1%          2

Your spell library contained the following spells:

 Spells                   Type           Power      Damage    Failure   Level
 Animate Skeleton         Necr           82%        N/A       1%          1
 Pain                     Necr           100%       1d9       1%          1
 Animate Dead             Necr           20%        N/A       5%          4
 Conjure Flame            Conj/Fire      22%        6-21      8%          3
 Dazzling Flash           Conj/Hex       44%        N/A       8%          3
 Call Imp                 Summ           8%         N/A       13%         2
 Excruciating Wounds      Necr           20%        N/A       16%         5
 Fulminant Prism          Conj/Hex       11%        3d9       26%         4
 Iskenderun's Mystic Bla  Conj/Tloc      22%        2d6       26%         4
 Sticky Flame             Conj/Fire      22%        2d4       26%         4
 Freezing Cloud           Conj/Ice/Air   13%        6-21      43%         5
 Manifold Assault         Tloc           8%         N/A       94%         5
 Simulacrum               Ice/Necr       12%        N/A       98%         6
 Malign Gateway           Summ/Tloc      4%         N/A       100%        7
 Storm Form               Tmut/Air       11%        N/A       100%        7
 Borgnjor's Revivificati  Necr           20%        N/A       100%        8
 Necromutation            Tmut/Necr      12%        N/A       100%        8
 Summon Horrible Things   Summ           4%         N/A       100%        8
 Death's Door             Necr           20%        N/A       100%        9
 Blink                    Tloc           Unusable   N/A       N/A         2

Dungeon Overview and Level Annotations

Branches:
Dungeon (10/15)            Temple (1/1) D:5             Orc (0/2) D:9
   Lair: D:8-11

Altars:
Ashenzari
Cheibriados
Dithmenos
Elyvilon
Fedhas
Gozag
Hepliaklqana
Kikubaaqudgha
Makhleb
Nemelex Xobeh
Okawaru
Qazlal
Ru
Sif Muna
Trog
Uskayaw
Vehumet
Wu Jian
Xom
Yredelemnul
Zin
The Shining One

Shops:
D:2 !

Annotations:
D:10 Gastronok, Nergalle


Innate Abilities, Weirdness & Mutations

You cannot be hasted, slowed, berserked, paralysed or teleported.
You can dig through walls and to a lower floor.
You have a pair of large antennae on your head. (SInv)
Your four strong arms can wield two-handed weapons with a shield.
Your flesh is cold resistant. (rC+)
You are strong-willed. (Will+)
Your natural rate of healing is unusually fast.


Message History

The stinking cloud engulfs Nergalle but does no damage.
Nergalle is heavily wounded.
The stinking cloud engulfs the spectral orc knight but does no damage.
The stinking cloud engulfs you but does no damage.
The stinking cloud engulfs the spectral orc but does no damage.
The spectral orc is severely damaged.
The stinking cloud engulfs the spectral orc warrior but does no damage.
You are engulfed in noxious fumes.
You choke on the stench!
You are confused.
The spectral orc hits you with a +0 dagger.
Nergalle is engulfed in noxious fumes.
Nergalle hits you but does no damage.
The spectral orc warrior hits you with a +0 trident!
The spectral orc warrior barely misses you.
You bump into the rock wall.
You are engulfed in noxious fumes.
The spectral orc misses you.
Nergalle is engulfed in noxious fumes.
Nergalle hits you but does no damage.
The spectral orc warrior closely misses you.
The spectral orc warrior hits you with a +0 war axe!
You feel drained.
You feel less confused.
Nergalle is engulfed in noxious fumes.
The spectral orc warrior hits you with a +0 trident!
The spectral orc warrior hits you with a +0 trident.
You feel drained.
The spectral orc warrior hits you from afar with a +0 trident!
Press: ? - help, v - describe, . - travel
Here: a spectral orc, wielding a +0 dagger (heavily damaged, summoned)
The floor.
Unknown command.
Nergalle gestures at you while chanting.
The bolt of negative energy hits the spectral orc.
The spectral orc completely resists.
The bolt of negative energy hits you!!
You feel drained.
You die...
Your body crumbles into a pile of gold.

.............#
#.....##.#.....#
.............#
#..#..#....#...#
.............#
#.##..#.####....
.............#
###...#.#..#....
.............#
##....#.#..'....
#...........##
##.....#.####....
##.........##
#......#....#....
##.......##
##...#..####.#....
#..#....##
##@..###...........
#..###.## ##Z...#
##.......... .#.. ###
##.....## ##.........
....###### ##o......#
###.......
........{###Z.......#
##......
.#.#....Z..Z........#
##..... ..
##########.......#
##...) # #.......#
##... #......## ##..


You could see Nergalle (drained), a spectral orc (summoned) and 2 spectral orc
warriors.

Vanquished Creatures
  A two-headed ogre (D:10)
  A hornet (D:10)
  2 trolls
  A vampire (D:10)
  A shadow (D:7)
  4 yaks (D:10)
  3 wyverns
  Eustachio (D:4)
  A wraith (D:10)
  Grum (D:8)
  6 water moccasins
  Duvessa (D:4)
  6 orc warriors
  2 ice beasts
  A hornet zombie (D:6)
  3 necrophages
  3 ogres
  4 wolves
  4 centaurs
  A kobold brigand (D:7)
  Blork the orc (D:3)
  3 gnoll sergeants
  4 scorpions
  A bullfrog (D:7)
  A cyclops skeleton (D:10)
  A water moccasin skeleton (D:5)
  Dowan (D:4)
  13 wights
  4 howler monkeys
  A centaur zombie (D:5)
  4 hounds
  Crazy Yiuf (D:5)
  2 orc priests
  2 centaur skeletons (D:7)
  A bullfrog skeleton (D:5)
  2 iguanas (D:6)
  11 orc wizards
  A killer bee zombie (D:8)
  2 howler monkey zombies
  19 gnolls
  3 adders
  2 shadow imps (D:6)
  An ufetubus (D:6)
  An adder skeleton (D:4)
  3 worms
  2 dart slugs
  50 orcs
  10 ball pythons
  4 endoplasms
  2 giant cockroaches
  5 goblins
  7 hobgoblins
  6 jackals
  2 quokkas
  3 bats
  4 frilled lizards
  13 kobolds
  4 rats
244 creatures vanquished.

Notes
Turn   | Place    | Note
-------+----------+-------------------------------------------
     0 | D:1      | DildoBatman the Formicid Conjurer began the quest for the
                  | Orb.
     0 | D:1      | Reached XP level 1. HP: 13/13 MP: 3/3
   202 | D:1      | Reached XP level 2. HP: 20/20 MP: 0/5
   205 | D:1      | Learned a level 2 spell: Searing Ray
   403 | D:1      | Reached skill level 1 in Armour
   426 | D:1      | Reached skill level 1 in Fighting
   426 | D:1      | Reached XP level 3. HP: 22/26 MP: 6/6
   822 | D:2      | Found Epha's Distillery.
  1155 | D:2      | Found a faded altar of an unknown god.
  1214 | D:3      | Reached XP level 4. HP: 32/32 MP: 4/8
  1534 | D:3      | You fall into a shaft and drop 2 floors!
  1534 | D:5      | Entered Level 5 of the Dungeon
  1546 | D:5      | Reached skill level 3 in Spellcasting
  1546 | D:5      | Reached XP level 5. HP: 32/38 MP: 1/9
  1568 | D:5      | Noticed an ogre
  1780 | D:5      | Killed an ogre
  1781 | D:5      | Reached XP level 6. HP: 46/46 MP: 3/11
  1992 | D:4      | Noticed Blork the orc
  2325 | D:4      | Noticed Eustachio
  2483 | D:4      | Noticed an ogre
  2497 | D:4      | Killed an ogre
  2680 | D:3      | HP: 1/47 [Blork the orc/puff of flame (3)]
  3068 | D:4      | Reached skill level 4 in Spellcasting
  3371 | D:5      | Reached XP level 7. HP: 50/52 MP: 7/13
  3413 | D:5      | Noticed Duvessa
  3413 | D:5      | Noticed Dowan
  3472 | D:5      | Reached skill level 5 in Conjurations
  3726 | D:5      | Learned a level 3 spell: Mephitic Cloud
  3826 | D:5      | Found a runed translucent door.
  3827 | D:5      | Noticed Crazy Yiuf
  3876 | D:5      | Reached skill level 1 in Poison Magic
  4009 | D:5      | Reached skill level 1 in Air Magic
  4104 | D:5      | Found a staircase to the Ecumenical Temple.
  4113 | Temple   | Entered the Ecumenical Temple
  4249 | Temple   | Became a worshipper of Kikubaaqudgha
  4279 | D:5      | Reached XP level 8. HP: 39/54 MP: 5/15
  4815 | D:6      | Reached skill level 5 in Poison Magic
  4884 | D:6      | Reached skill level 1 in Polearms
  5406 | D:6      | Reached * piety under Kikubaaqudgha
  5406 | D:6      | Received a gift from Kikubaaqudgha
  5410 | D:6      | Learned a level 2 spell: Sublimation of Blood
  5414 | D:6      | Learned a level 3 spell: Vampiric Draining
  5464 | D:6      | Reached XP level 9. HP: 63/63 MP: 8/16
  5654 | D:6      | Found a sacrificial altar of Ru.
  5909 | D:5      | Killed Crazy Yiuf
  6007 | D:4      | Killed Dowan
  6097 | D:4      | Killed Duvessa
  6098 | D:4      | Reached skill level 5 in Air Magic
  6194 | D:4      | Killed Eustachio
  6281 | D:3      | Killed Blork the orc
  6336 | D:7      | Identified the +3 war axe "Noeh" {vamp, Fly}
  6448 | D:7      | Reached skill level 5 in Spellcasting
  6569 | D:7      | Reached skill level 6 in Spellcasting
  6686 | D:7      | Reached XP level 10. HP: 37/70 MP: 7/20
  6796 | D:7      | Reached skill level 7 in Spellcasting
  7702 | D:8      | Reached skill level 1 in Shields
  7746 | D:8      | Learned a level 3 spell: Ignite Poison
  7830 | D:8      | Noticed Grum
  7831 | D:8      | Reached ** piety under Kikubaaqudgha
  7848 | D:8      | Reached skill level 5 in Fighting
  7848 | D:8      | Reached skill level 5 in Armour
  8148 | D:8      | Killed Grum
  8305 | D:8      | Reached skill level 1 in Necromancy
  9125 | D:9      | Found the +7 Throatcutter {drain, coup de grace}
  9256 | D:2      | Bought a potion of mutation for 80 gold pieces
  9256 | D:2      | Bought a potion of mutation for 80 gold pieces
  9256 | D:2      | Gained mutation: You are agile. (Dex +2) [potion of
                  | mutation]
  9256 | D:2      | Gained mutation: You are very agile. (Dex +4) [potion of
                  | mutation]
  9257 | D:2      | Lost mutation: You are very agile. (Dex +4) [potion of
                  | mutation]
  9257 | D:2      | Lost mutation: You are agile. (Dex +2) [potion of mutation]
  9257 | D:2      | Gained mutation: You are partially covered in iridescent
                  | scales. (AC +2) [potion of mutation]
  9257 | D:2      | Gained mutation: You are somewhat resistant to further
                  | mutation. [potion of mutation]
  9258 | D:2      | Lost mutation: You are somewhat resistant to further
                  | mutation. [potion of mutation]
  9258 | D:2      | Lost mutation: You are partially covered in iridescent
                  | scales. (AC +2) [potion of mutation]
  9258 | D:2      | Gained mutation: Your flesh is cold resistant. (rC+)
                  | [potion of mutation]
  9258 | D:2      | Gained mutation: You are strong-willed. (Will+) [potion of
                  | mutation]
  9258 | D:2      | Gained mutation: Your natural rate of healing is unusually
                  | fast. [potion of mutation]
  9369 | D:9      | Reached *** piety under Kikubaaqudgha
  9369 | D:9      | Received a gift from Kikubaaqudgha
  9396 | D:9      | Learned a level 4 spell: Dispel Undead
  9402 | D:9      | Learned a level 5 spell: Borgnjor's Vile Clutch
  9420 | D:9      | Found a staircase to the Orcish Mines.
  9466 | D:9      | Reached skill level 1 in Earth Magic
  9466 | D:9      | Reached XP level 11. HP: 77/79 MP: 21/21
 10242 | D:10     | Entered Level 10 of the Dungeon
 10270 | D:10     | Reached skill level 5 in Necromancy
 10354 | D:10     | Fell from the grace of Kikubaaqudgha
 10480 | Temple   | Became a worshipper of Gozag Ym Sagoz the Greedy
 10668 | D:10     | Noticed Gastronok
 10726 | D:10     | Noticed a two-headed ogre
 10754 | D:10     | Killed a two-headed ogre
 10762 | D:10     | Reached skill level 5 in Earth Magic
 11335 | D:10     | Noticed Nergalle
 11357 | D:10     | Killed from afar by Nergalle

Illustrated notes

Levels and vault maps discovered:
D:1:      kennysheep_arrival_forest, layout_rooms, serial_forest,
          infiniplex_forest_lined_room_, infiniplex_forest_lined_room_2,
          infiniplex_forest_clump_diagonal, infiniplex_forest_clump_long,
          infiniplex_forest_straight_2, infiniplex_forest_clump_small,
          nrook_loot_triangle
D:2:      layout_rooms, serial_shops, nicolae_shop_advertising_works
          [nicolae_subvault_shop_adworks], shapermc_ecumenical_altar_pompeii,
          minmay_misc_feat_enclosed
D:3:      layout_basic
D:4:      layout_basic, uniq_eustachio, uniq_blork_the_orc
D:5:      layout_loops_cross, minmay_temple_entry_drinking_statues,
          uniq_duvessa, uniq_crazy_yiuf_cottage
D:6:      layout_basic, nicolae_ru_great_annihilating_truth
D:7:      layout_layer_cave, due_unseen_surprise
D:8:      layout_loops_ring, uniq_grum
D:9:      layout_basic, hiddenorc2_lemuel, kennysheep_pointless_box
D:10:     layout_cave_pods, grunt_ministairs_4, minivault_21,
          minmay_strange_pillars, corexii_checkpoint_b, uniq_gastronok,
          uniq_nergalle
Temple:   grunt_wide_crystal_templ

Skill      XL: |  1  2  3  4  5  6  7  8  9 10 11 |
---------------+----------------------------------+-----
Dodging        | 2 3 |  3.0
Armour         | 1 2 3 6 |  6.0
Fighting       | 1 2 3 5 |  5.0
Conjurations   | 4 5 6 |  6.0
Spellcasting   | 3 4 6 7 |  7.0
Poison Magic   | 2 5 6 |  6.0
Air Magic      | 1 3 6 |  6.0
Polearms       | 2 |  2.0
Shields        | 3 |  3.0
Necromancy     | 4 6 |  6.8
Earth Magic    | 1 6 |  6.1
Stealth        | |  2.4

Action                   |  1- 3 |  4- 6 |  7- 9 | 10-12 || total
-------------------------+-------+-------+-------+-------++-------
Melee: Unarmed           |    12 |       |       |       ||    12
       Short sword       |    10 |    12 |       |       ||    22
       Punch             |     1 |       |     2 |       ||     3
       Long sword        |       |     1 |    29 |    85 ||   115
       Trident           |       |       |   145 |    88 ||   233
       Staff             |       |       |       |    19 ||    19
Throw: Boomerang         |       |       |     4 |       ||     4
       Dart              |       |       |     6 |       ||     6
 Cast: Magic Dart        |    29 |    21 |    21 |     9 ||    80
       Searing Ray       |    10 |    12 |    37 |    35 ||    94
       Mephitic Cloud    |       |       |    42 |    33 ||    75
       Dispel Undead     |       |       |       |     6 ||     6
       Vampiric Draining |       |       |       |     4 ||     4
       Sublimation of Bl |       |       |       |     1 ||     1
Invok: Renounce Religion |       |       |       |     1 ||     1
 Abil: Dig               |       |       |     3 |     2 ||     5
  Use: Potion            |       |       |     2 |     3 ||     5
       Scroll            |       |       |       |     1 ||     1
 Stab: Sleeping          |       |     1 |       |     1 ||     2
       Confused          |       |       |    25 |    26 ||    51
       Distracted        |       |       |       |     1 ||     1
Armor: Robe              |     4 |     9 |    39 |    43 ||    95
       Skin              |       |       |       |     2 ||     2
Dodge: Dodged            |    17 |    34 |    92 |   129 ||   272
Block: Buckler           |       |       |       |    40 ||    40
